 Dungeon Crawl Stone Soup version 0.25.1-8-g42b30a86e7 (webtiles) character file.

Game seed: 5886419480166223330

35 Destapler the Sneak (level 3, -4/30 HPs)
             Began as a Naga Enchanter on Dec 10, 2020.
             Was a Follower of Kikubaaqudgha.
             Slain by a gnoll
             ... wielding a +0 spear
              (7 damage)
             ... on level 2 of the Dungeon.
             The game lasted 00:07:54 (1185 turns).

Destapler the Sneak (Naga Enchanter)                Turns: 1185, Time: 00:07:54

Health: -4/30      AC:  4    Str: 10    XL:     3   Next: 33%
Magic:  3/6        EV: 10    Int: 15    God:    Kikubaaqudgha [*.....]
Gold:   35         SH:  0    Dex: 12    Spells: 4/6 levels left

rFire    . . .     SeeInvis +   a - +1 dagger (speed)
rCold    . . .     Gourm    .   (no shield)
rNeg     . . .     Faith    .   b - +0 robe
rPois    +         Spirit   .   j - +0 helmet
rElec    .         Reflect  .   (no cloak)
rCorr    .         Harm     .   i - +0 pair of gloves
MR       .....                  (no barding)
Stlth    +++.......             f - amulet of magic regeneration
HPRegen  0.10/turn              (no ring)
MPRegen  0.35/turn              (no ring)

@: short of breath, very slightly contaminated, very slow
A: large, see invisible, deformed body, poison resistance, slowness 2, slow
metabolism 1, spit poison 1, AC +1
a: Spit Poison, Receive Corpses, Renounce Religion


You were on level 2 of the Dungeon.
You worshipped Kikubaaqudgha.
Kikubaaqudgha was aware of your devotion.
You were hungry.

You visited 1 branch of the dungeon, and saw 2 of its levels.

You collected 35 gold pieces.

Inventory:

Hand Weapons
 a - a +1 dagger of speed (weapon)
Missiles
 h - 7 boomerangs (quivered)
Armour
 b - a +0 robe (worn)
 i - a +0 pair of gloves (worn)
 j - a +0 helmet (worn)
Jewellery
 f - an amulet of magic regeneration (around neck)
Scrolls
 c - 2 scrolls of blinking {unknown}
 e - 2 scrolls of teleportation {unknown}
 g - a scroll of remove curse {unknown}
 m - a scroll of amnesia {unknown}
 n - a scroll of immolation {unknown}
Potions
 k - a potion of lignification {unknown}
 l - a potion of curing {unknown}
Comestibles
 d - 3 rations
 o - a chunk of flesh


   Skills:
 + Level 0.7 Fighting
 * Level 1.6 Short Blades
 + Level 0.0 Armour
 + Level 1.9 Dodging
 + Level 4.8 Stealth
 + Level 2.2 Spellcasting
 + Level 3.2 Hexes
 + Level 0.1 Necromancy


You had 4 spell levels left.
You knew the following spells:

 Your Spells              Type           Power        Failure   Level  Hunger
a - Corona                Hex            ##.....      6%          1    #......
s - Animate Skeleton      Necr           N/A          22%         1    #......

Your spell library contained the following spells:

 Spells                   Type           Power        Failure   Level  Hunger
 Ensorcelled Hibernation  Hex/Ice        #.....       17%         2    ###....
 Confusing Touch          Hex            ##......     17%         3    ###....
 Tukima's Dance           Hex            ##......     17%         3    ###....
 Pain                     Necr           #...         22%         1    #......
 Sublimation of Blood     Necr           #.........   32%         2    ###....
 Dazzling Flash           Conj/Hex       #.....       32%         3    ###....
 Vampiric Draining        Necr           #.........   54%         3    ###....


Dungeon Overview and Level Annotations

Branches:
Dungeon (2/15)

Altars:
Kikubaaqudgha
Wu Jian


Innate Abilities, Weirdness & Mutations

You cannot wear boots.
Your serpentine skin is tough. (AC +1)
You have supernaturally acute eyesight. (SInv)
Armour fits poorly on your strangely shaped body.
Your system is resistant to poisons. (rPois)
You cover ground very slowly.
You have a slow metabolism.
You can spit poison.


Message History

Confirm with . or Enter, or press ? or * to list all spells.
You miscast Animate Skeleton.
You are very lightly contaminated with residual magic.
Nothing appears to happen.
You have got your breath back.
The gnoll hits you from afar with a +0 spear!
* * * LOW HITPOINT WARNING * * *
Casting: Animate Skeleton (safe; 22% risk of failure)
Confirm with . or Enter, or press ? or * to list all spells.
You miscast Animate Skeleton.
Nothing appears to happen.
The gnoll hits you from afar with a +0 spear!
* * * LOW HITPOINT WARNING * * *
Press: ? - help, Shift-Dir - straight line, f/p - gnoll
Aim: a gnoll, wielding a +0 spear The splash of poison misses the gnoll.
The splash of poison hits the gnoll.
The gnoll is moderately wounded.
You feel slightly more hungry.
The gnoll hits you from afar with a +0 spear!
You die...
Kikubaaqudgha rasps: "You have failed me!
Welcome... death!"

..#....# ...... #.......
..#....# ..=....#
#.#..... ..#.... .......#
# #.#... ..#... .......#
#.#... ..##.#######g.
.... # ###. .>.........g.
... ... ..#..# #.# #.#
#.#
.....######.####[#####.#
#.#
..♣..........gg†@......##
#..
.♣_♣..##.##.####..###...#
#.. ..♣...##....# ##.#
#.. #.. ......####### .#
#.. ##.. .#..........# ..
#.# ##... ....#...###.##
#.# #.######....
.............# .#
#...........
.###.###.....# .#
##..####.... .# #.#
#.....# .. ###.####....


You could see 2 gnolls.

Vanquished Creatures
  An adder (D:2)
  An ooze (D:2)
  A bat (D:1)
  2 giant cockroaches (D:2)
  4 goblins
  A hobgoblin (D:1)
  5 kobolds
  A frilled lizard (D:1)
  5 rats
21 creatures vanquished.

Notes
Turn   | Place    | Note
-------+----------+-------------------------------------------
     0 | D:1      | Destapler the Naga Enchanter began the quest for the Orb.
     0 | D:1      | Reached XP level 1. HP: 15/15 MP: 3/3
   102 | D:1      | Reached XP level 2. HP: 14/24 MP: 3/5
   953 | D:2      | Reached XP level 3. HP: 29/30 MP: 3/6
  1020 | D:2      | Found an ornate altar of the Wu Jian Council.
  1025 | D:2      | Found a faded altar of an unknown god.
  1036 | D:2      | Became a worshipper of Kikubaaqudgha
  1036 | D:2      | Reached * piety under Kikubaaqudgha
  1036 | D:2      | Identified Kikubaaqudgha's Incunabulum of Stolen Souls
                  | (Kikubaaqudgha gifted it to you on level 2 of the Dungeon)
  1036 | D:2      | Received a gift from Kikubaaqudgha
  1040 | D:2      | Learned a level 1 spell: Animate Skeleton
  1185 | D:2      | Slain by a gnoll

Illustrated notes

Levels and vault maps discovered:
D:1:      lightli_arrival_boilingwater, layout_basic
D:2:      layout_basic, lemuel_doored_altar, first_ration,
          chequers_ecumenical_altar_simple, minmay_cupped

Action                   || total
-------------------------++-------
Melee: Dagger            ||    70
 Cast: Corona            ||    18
Invok: Receive Corpses   ||     1
 Abil: Spit Poison       ||     3
 Stab: Sleeping          ||     4
Armor: Robe              ||     4
Dodge: Dodged            ||    31
